← All builds
Air / Armada / Economy first / OBSERVED BUILD

Standard air

The typical Armada Air build: an early Aircraft Plant, transports and scouts made for the team, an Advanced Metal Extractor and Fusion Reactor for eco, transitioning into fighters and later Highwinds or gunships to protect allies and…

Usually transports first (64%)

#eco #air #team support · 63 distinct matches · 31 players · 74% of Armada Air games · team won 42% of 64 · Recently observed

HOW TO PLAY IT

Key timing: Aircraft Plant by 1:30

  1. Take 3 mex and open straight into wind.
  2. Get the aircraft plant up fast to start fighter production.
  3. Add an advanced mex to fund the air spam.
  4. Bring fusion online to sustain heavier air numbers.
  5. Mix in Highwind and Banshee alongside fighter spam for escorts.

Phase by phase

TYPICAL OF ITS 63 GAMES
  1. 1
  2. 2
  3. 3
PLAY THE OPENING

Follow the example game's first 6:00 step by step: what to build now, what comes next, and where it goes. At 1× it keeps pace with your own game.

  1. 1

    Up to the Aircraft Plant

    Economy
    • Metal Extractor3Mex
    • Wind Turbine5Wind
    • Energy Storage1Energy storage
    Order
    1. Aircraft PlantAircraft Plant after 3 mex, 5 wind, 1 energy storagedone ~1:30, middle half 1:15–1:44

    By 1:12 in all: 3 mex · 5 wind · 1 energy storage

    The example game in this phase · 6 steps
    1. Mex ×3
    2. Solar
    3. Wind ×2
    4. Energy storage
    5. Wind ×2
    6. Aircraft PlantAircraft Plantdone 1:38 · typical 1:30
  2. 2

    Aircraft Plant to 5:00

    Economy
    • Metal Extractor1Mex
    • Wind Turbine13Wind
    Builders
    • Construction Turret2 Con turret
    • Construction Aircraft1 Con aircraft
    Army
    • Falcon6 Fighter
    • Stork2 Light transport for allies
    • Blink2 Scout plane for allies
    • Blink1 Scout plane
    • Osprey1 Heavy transport for allies

    Some games also: converter (44%) · banshee (39%) · light transport (39%) · energy storage (34%)

    By 5:00 in all: 4 mex · 17 wind · 1 energy storage · 2 con turret

    The example game in this phase · 25 steps
    1. BlinkScout plane ×2
    2. BlinkScout planefor Beach sea
    3. OspreyHeavy transportfor Beach sea
    4. Wind
    5. BlinkScout planefor Geo sea
    6. FalconFighter
    7. Construction AircraftCon aircraft
    8. FalconFighter
    9. Con turret
    10. Construction AircraftCon aircraft ×2
    11. Con turret
    12. Mex
    13. Con turret
    14. Wind
    15. Construction AircraftCon aircraft
    16. Wind
    17. StorkLight transportfor Tech
    18. Wind
    19. FalconFighter
    20. Wind ×2
    21. StorkLight transportfor Tech
    22. Converter
    23. Wind ×2
    24. Construction AircraftCon aircraft
    25. Wind ×3
  3. 3

    5:00 to 10:00

    Economy
    • Wind Turbine30Wind
    • Energy Converter9Converter
    Order
    1. Aircraft PlantAircraft Plant after 33 wind, 6 converter, 5 con turretin 63% of games
    Builders
    • Construction Turret4 Con turret
    Army
    • Falcon8 Fighter

    Some games also: con aircraft (45%) · fusion (42%) · energy storage (33%)

    By 10:00 in all: 4 mex · 47 wind · 10 converter · 1 energy storage · 6 con turret

    The example game in this phase · 73 steps
    1. BlinkScout plane
    2. Wind ×8
    3. Converter
    4. Wind
    5. Con turret
    6. Wind ×4
    7. Con turret
    8. Wind ×5
    9. Converter
    10. Wind ×2
    11. Converter
    12. Wind
    13. Converter
    14. Wind
    15. Converter
    16. Wind
    17. Converter
    18. Wind ×2
    19. Converter ×2
    20. Wind ×4
    21. Converter
    22. Wind ×3
    23. Converter
    24. Wind ×2
    25. Advanced Metal ExtractorT2 mexdone 7:14 · typical 6:48
    26. Converter
    27. Wind ×2
    28. Advanced Metal ExtractorT2 mex
    29. Wind ×2
    30. Advanced Metal ExtractorT2 mex
    31. Wind ×5
    32. Converter
    33. Wind
    34. Advanced Metal ExtractorT2 mex
    35. Wind ×2
    36. Aircraft PlantAircraft Plantdone 8:14
    37. Wind ×5
    38. Converter
    39. Wind ×5
    40. BlinkScout plane
    41. Wind ×4
    42. FalconFighter
    43. Converter
    44. Wind ×3
    45. FalconFighter
    46. Wind ×2
    47. Con turret
    48. Converter
    49. Wind ×4
    50. Converter
    51. Wind ×2
    52. FalconFighter
    53. Wind ×2
    54. FalconFighter
    55. Wind ×2
    56. Converter
    57. Wind
    58. FalconFighter
    59. Wind ×3
    60. Converter
    61. Wind
    62. BansheeBanshee
    63. Wind ×3
    64. Converter
    65. BansheeBanshee
    66. Wind ×3
    67. Converter
    68. BansheeBanshee
    69. Wind ×3
    70. Converter
    71. Wind
    72. BansheeBanshee
    73. Wind ×3

Counts are medians over the build's games: half of them build more, half fewer. The example game is NFX_Scurvy's (36 OS, 06/09/2026); pick another.

Team trades

IN AT LEAST 30% OF ITS GAMES

You hand over

  • Blink2 Scout plane to Geo sea or Beach seafirst at 1:56 · in 86% of games
  • Stork3 Light transport to Tech or Geo seafirst at 2:13 · in 89% of games
  • Osprey1 Heavy transport to Beach sea or Pond or Techfirst at 2:28 · in 67% of games

You get

  • Wind Turbine2–3 Wind from Beach sea or Geo seafirst at 1:27 · in 38% of games
  • Wind Turbine3 Wind from Beach sea or Geo seafirst at 1:30 · in 53% of games
  • Construction Bot1 Con bot from Techfirst at 2:28 · in 66% of games
  • Advanced Construction Bot1 T2 con bot from Techfirst at 5:53 · in 84% of games

How it plays out

Typical game of this build, running totals by minute

Metal produced

010k20k30k
0:005:0010:0015:00

metal

Enemy metal destroyed

01k2k3k
0:005:0010:0015:00

metal

Own metal lost

01k2k3k
0:005:0010:0015:00

metal

64 games.

Show as table
ByMetal produced: This buildEnemy metal destroyed: This buildOwn metal lost: This build
1:0039100
2:0092100
3:00145400
4:0020405151
5:002788102125
6:003621211190
7:005139288263
8:006970367292
9:009134375318
10:0011575421352
11:0014215606460
12:0017193984755
13:001991516421165
14:002254619011852
15:002598022902764
WHAT THE NUMBERS SAY

Standard air has the lowest team win rate of the six builds despite decent metal production, suggesting air presence alone isn't deciding these games.

  • + Metal produced reaches 25980 by 15:00, second highest of the builds shown.
  • + First kill lands early at 3:42 in 99% of games.
  • − Team win rate is only 42%, the lowest among all standard builds.
  • − Own metal lost by 15:00 reaches 2764 despite fighters being the main army.
THE EXAMPLE YOU ARE READING

NFX_Scurvy

36.3 OS · 06/09/2026

Open source match ↗

5 received units · includes a constructor
970 metal received · 30662 energy received

Allied construction assistance is unknown. Timings are observations, not a promise of solo reproducibility.

Typical milestones

Aircraft Plant1:30Middle 50%: 1:15–1:44 · n=64
Advanced Metal Extractor6:48Middle 50%: 6:30–7:14 · n=57
Fusion Reactor9:55Middle 50%: 9:14–11:54 · n=40

Played most by

arcsiz7games of this buildLeohvm7games of this buildDad_The_Speedrunner4games of this buildkrtf4games of this build_X_3games of this build